[Event "Late-Titled-Tuesday-Blitz-October-10-2023"]
[Site "Chess.com"]
[Date "2023.10.10"]
[Round "10"]
[White "h4parah5"]
[Black "Firouzja2003"]
[Result "1-0"]
[WhiteElo "2953"]
[BlackElo "3054"]
[TimeControl "180+1"]
[EndTime "15:50:18 PDT"]
[Termination "h4parah5 won by resignation"]

1. d4 g6 2. e4 Bg7 3. Nc3 d6 4. Be3 Nf6 5. Qd2 a6 6. O-O-O b5 7. Bh6 O-O 8. Bxg7 Kxg7 9. e5 dxe5 10. dxe5 Qxd2+ 11. Rxd2 Ng4 12. f4 Bb7 13. Nd1 Nc6 14. Nf3 Rad8 15.
Be2 Nb4 16. a3 Bxf3 17. Rxd8 Bxe2 18. Rxf8 Nd5 19. Rd8 Nxf4 20. Rd4 Ne6 21. Rxg4 Bxg4 22. Nf2 Be2 23. b3 g5 24. Re1 Bh5 25. Re3 c5 26. g3 Bg6 27. b4 c4 28. a4 Nd4 29. axb5 axb5 30. Ne4 Nc6 31. Nxg5 Nxb4 32. Re2 Nc6 33.
Nf3 Bh5 34. g4 Bg6 35. Kd2 Nb4 36. Kc3 Nd5+ 37. Kd4 Nf4 38. Rd2 Ne6+ 39. Kc3 Be4 40. Nd4 Nc7 41. Kb4 Nd5+ 42. Kxb5 c3 43. Re2 Bg6 44. Kc4 e6 45. Nb5 h5 46. gxh5 Bxh5 47.
Rf2 Bg6 48. Nxc3 Ne3+ 49. Kb3 Kh6 50. Nb5 Kg5 51. Nd6 Ng4 52. Nxf7+ Bxf7 53. Rxf7 Nxe5 54. Rf1 Ng4 55. c4 Ne3 56. Re1 Kf4 57. c5 e5 58.
Rxe3 1-0

[Event "Late-Titled-Tuesday-Blitz-October-10-2023"]
[Site "Chess.com"]
[Date "2023.10.10"]
[Round "10"]
[White "talaicito"]
[Black "Dr_crypt"]
[Result "0-1"]
[WhiteElo "2224"]
[BlackElo "2388"]
[TimeControl "180+1"]
[EndTime "15:50:18 PDT"]
[Termination "Dr_crypt won on time"]

1. d4 e6 2. e4 d5 3. e5 c5 4. c3 Bd7 5. Nf3 Qb6 6. Na3 cxd4 7.
Nxd4 Bxa3 8. bxa3 Ne7 9. Bd3 Nbc6 10. Rb1 Qa5 11. Nb5 Nxe5 12. Nd6+ Kf8 13. O-O Nxd3 14.
Qxd3 b6 15. c4 Qc5 16. Bf4 d4 17. Ne4 Qf5 18. Bd6 Bc6 19. f3 Rd8 20. Qxd4 Kg8 21.
c5 bxc5 22. Qxc5 Qxc5+ 23. Bxc5 Nd5 24. Bxa7 f6 25. Rfc1 Ba8 26. Nc3 Nf4 27. Nb5 Ne2+ 28. Kf2 Nxc1 29. Rxc1 Kf7 30. Rc7+ Kg6 31. Be3 Bd5 32.
a4 Ra8 33. Nc3 Rhc8 34. Nxd5 exd5 35. Rd7 Rxa4 36. Rxd5 Rxa2+ 37. Kg3 Rcc2 38. Kf4 Rxg2 39. h4 h5 0-1

[Event "Late-Titled-Tuesday-Blitz-October-10-2023"]
[Site "Chess.com"]
[Date "2023.10.10"]
[Round "10"]
[White "Korchmar_Vasiliy"]
[Black "Fandorine"]
[Result "0-1"]
[WhiteElo "2769"]
[BlackElo "2927"]
[TimeControl "180+1"]
[EndTime "15:50:21 PDT"]
[Termination "Fandorine won by resignation"]

1. e4 e6 2. d4 d5 3. e5 c5 4. c3 Nc6 5. Nf3 Bd7 6. Be2 f6 7. O-O fxe5 8. dxe5 Qc7 9. c4 d4 10. Re1 Nh6 11. Bxh6 gxh6 12. Nbd2 Bg7 13. Ne4 Nxe5 14. Nxe5 Bxe5 15. Bh5+ Ke7 16. Qf3 Bxh2+ 17. Kh1 Raf8 18. Qh3 Be5 19. Qh4+ Bf6 20. Nxf6 Rxf6 21. Re4 Rf8 22.
Rae1 Kd8 23. b4 Kc8 24. Bf3 Bc6 25. Rxe6 Rxe6 26. Rxe6 Bxf3 27. gxf3 Qf7 28. Qe4 Qxf3+ 29. Qxf3 Rxf3 30. bxc5 Rxf2 31. Rd6 Rxa2 32. Rxd4 Ra5 33. Rd5 b6 34. Rh5 Rxc5 0-1

[Event "Late-Titled-Tuesday-Blitz-October-10-2023"]
[Site "Chess.com"]
[Date "2023.10.10"]
[Round "10"]
[White "JoakimVonAnd"]
[Black "Dedic8"]
[Result "0-1"]
[WhiteElo "2680"]
[BlackElo "2884"]
[TimeControl "180+1"]
[EndTime "15:50:21 PDT"]
[Termination "Dedic8 won by resignation"]

1. c4 e5 2. Nf3 Nc6 3. Nc3 Nf6 4.
e3 Bb4 5. Qc2 Bxc3 6. Qxc3 Qe7 7.
d4 exd4 8. Nxd4 O-O 9. Be2 Ne4 10. Qd3 Qb4+ 11. Kf1 Re8 12. f3 Nc5 13. Qd2 Qb6 14. Kf2 d6 15. Re1 a5 16. b3 a4 17.
Nxc6 bxc6 18. b4 Ne6 19. a3 Ba6 20. Bb2 Rad8 21. Rad1 d5 22. c5 Qb7 23. Qc3 Bxe2 24. Rxe2 f6 25. e4 Nf4 26. Red2 Qb5 27. g3 dxe4 28.
fxe4 Rxd2+ 29. Qxd2 Nh3+ 30. Kg2 Ng5 31. e5 Qc4 32. h4 Qe4+ 33. Kf1 Qh1+ 34. Ke2 Qg2+ 35. Kd3 Rd8+ 36. Bd4 Qxd2+ 37. Rxd2 Nf3 38. e6 Rxd4+ 39.
Ke3 Rxd2 40. e7 Kf7 0-1

[Event "Late-Titled-Tuesday-Blitz-October-10-2023"]
[Site "Chess.com"]
[Date "2023.10.10"]
[Round "10"]
[White "Necromon"]
[Black "GothamChess"]
[Result "0-1"]
[WhiteElo "2486"]
[BlackElo "2745"]
[TimeControl "180+1"]
[EndTime "15:50:21 PDT"]
[Termination "GothamChess won by resignation"]

1. Nf3 g6 2. g3 Bg7 3. Bg2 d6 4.
O-O Bd7 5. c4 Qc8 6. Re1 Bh3 7.
Bh1 h5 8. e4 h4 9. e5 hxg3 10.
fxg3 Nc6 11. exd6 cxd6 12. d4 Bg4 13. Be3 Bxf3 14. Bxf3 Qh3 15. Re2 Nf6 16. Qa4 Kf8 17. Bxc6 bxc6 18. Qxc6 Rc8 19. Qb7 Rxc4 20. Nd2 Rc2 21.
Bg5 Qg4 22. Qxe7+ Kg8 23. Rf1 Qxg5 24. Ne4 Nxe4 25. Qxf7+ Kh7 26. Rxc2 Rf8 27. Qd7 Qe3+ 28. Kg2 Rxf1 29. Qh3+ Kg8 30. Kxf1 Qd3+ 31. Re2 Qd1+ 32. Re1 Qf3+ 33. Kg1 Bxd4+ 0-1

[Event "Late-Titled-Tuesday-Blitz-October-10-2023"]
[Site "Chess.com"]
[Date "2023.10.10"]
[Round "10"]
[White "BeyondMadness"]
[Black "AlexandraBotez"]
[Result "1-0"]
[WhiteElo "2323"]
[BlackElo "2285"]
[TimeControl "180+1"]
[EndTime "15:50:21 PDT"]
[Termination "BeyondMadness won on time"]

1. d4 Nf6 2. c4 e6 3. Nc3 d5 4. cxd5 exd5 5. Bg5 Be7 6. Qc2 c6 7. e3 O-O 8. Bd3 h6 9. Bh4 Na6 10. a3 Nc7 11. Nge2 Bg4 12. f3 Be6 13. O-O Qd7 14.
e4 Nxe4 15. fxe4 Bxh4 16. e5 Rac8 17. g3 Bg5 18. Nf4 b6 19. Qf2 Bxf4 20. gxf4 Bh3 21.
Rfe1 c5 22. f5 cxd4 23. Ne2 g6 24. Nxd4 Kh8 25. Qh4 Bxf5 26. Qxh6+ Kg8 27. Nxf5 gxf5 28. Re2 f6 29. Rg2+ Kf7 30. Rg7+ Ke6 31. Bxf5+ Kxf5 32. Rxd7 Rg8+ 33. Kh1 1-0

[Event "Late-Titled-Tuesday-Blitz-October-10-2023"]
[Site "Chess.com"]
[Date "2023.10.10"]
[Round "10"]
[White "koncheto"]
[Black "Arystanner"]
[Result "1-0"]
[WhiteElo "2543"]
[BlackElo "2794"]
[TimeControl "180+1"]
[EndTime "15:50:27 PDT"]
[Termination "koncheto won by checkmate"]

1. e4 c5 2. Nf3 d6 3. d4 cxd4 4. Nxd4 Nf6 5. f3 e5 6. Nb3 d5 7. Bg5 d4 8. c3 Nc6 9. Bb5 Be6 10. cxd4 Bxb3 11. axb3 exd4 12. e5 Qd5 13. Bxc6+ bxc6 14. O-O Nd7 15. f4 Nc5 16. Nd2 h6 17. Bh4 g5 18.
Bg3 gxf4 19. Rxf4 Ne6 20. Ne4 Be7 21. Nf6+ Bxf6 22. Rxf6 d3 23. Qf3 Qxf3 24. Rxf3 Rd8 25. Rd1 d2 26. Rf2 Rd3 27. Rfxd2 Rxb3 28. Rd6 c5 29.
R1d2 O-O 30. Bh4 Rfb8 31. Rd7 Rxb2 32. Rxb2 Rxb2 33. Rxa7 c4 34. Ra8+ Kh7 35. Rc8 Rc2 36. Bf6 Nf4 37. g3 Ne6 38. h4 h5 39. Kf1 Kg6 40. Ke1 c3 41. Kd1 Rd2+ 42. Kc1 Rd3 43. Kc2 Rxg3 44. Rg8+ Kf5 45. Rxg3 Nd4+ 46. Kd3 c2 47.
Rg1 Nf3 48. Rc1 Kg4 49. Kxc2 Nd4+ 50. Kd3 Nf5 51. Rg1+ Kh3 52. Ke4 Nh6 53. Kf3 Ng4 54. Rh1+ Nh2+ 55. Kf2 Kg4 56. Rxh2 Kf5 57. Rg2 Ke6 58.
Rg5 Kd5 59. Rxh5 Ke6 60. Rg5 Kd7 61. h5 Ke6 62. h6 Kd5 63. h7 Ke4 64. h8=Q Kd5 65.
Qf8 Ke6 66. Qd6# 1-0

[Event "Late-Titled-Tuesday-Blitz-October-10-2023"]
[Site "Chess.com"]
[Date "2023.10.10"]
[Round "10"]
[White "The_Princess_Moon"]
[Black "IMGC"]
[Result "1-0"]
[WhiteElo "2323"]
[BlackElo "2405"]
[TimeControl "180+1"]
[EndTime "15:50:30 PDT"]
[Termination "The_Princess_Moon won by resignation"]

1. e4 b6 2. d4 Bb7 3. Nc3 e6 4. Nf3 Bb4 5. Bd3 Nf6 6. Nd2 c5 7. dxc5 bxc5 8. O-O d6 9. Bb5+ Nc6 10. Qf3 O-O 11. Bxc6 Bxc6 12. Re1 Rc8 13. a3 Ba5 14. Qe2 Bc7 15. Nf3 Nd7 16. Bf4 d5 17. Bxc7 Qxc7 18. exd5 exd5 19. Rad1 d4 20. Nb1 Qb7 21.
Nbd2 Qxb2 22. Nc4 Qc3 23. Nd6 Rb8 24. Rd3 Qa5 25. Ng5 Bd5 26. Red1 h6 27. Nge4 f5 28. Ng3 Qc7 29. Ngxf5 Rf6 30. Qh5 Rxd6 31. Nxd6 Qxd6 32.
Rg3 Rf8 33. Qg4 Rf7 34. f3 Qe7 35. h4 Qe3+ 36. Kh2 Nf6 37. Qc8+ Kh7 38. Qf5+ Kg8 39.
Qc8+ Rf8 40. Qxc5 Nh5 41. Qxd5+ 1-0

[Event "Late-Titled-Tuesday-Blitz-October-10-2023"]
[Site "Chess.com"]
[Date "2023.10.10"]
[Round "10"]
[White "AleksandrAleksikov"]
[Black "jguerramzllo"]
[Result "0-1"]
[WhiteElo "2262"]
[BlackElo "2583"]
[TimeControl "180+1"]
[EndTime "15:50:32 PDT"]
[Termination "jguerramzllo won on time"]

1. e4 c5 2. Nf3 Nc6 3. d4 cxd4 4. Nxd4 g6 5. Nc3 Bg7 6. Be3 Nf6 7. Nxc6 bxc6 8. e5 Ng8 9. Bd4 Qa5 10. f4 Rb8 11. Bc4 Nh6 12. Qd2 Nf5 13. Bf2 d5 14. Bb3 O-O 15.
g4 Nh6 16. h3 e6 17. O-O-O c5 18. Nxd5 Qxd2+ 19. Rxd2 exd5 20. Rxd5 Bb7 21. Rhd1 Bxd5 22. Rxd5 Rfc8 23. Bxc5 Rb7 24. Be3 Kh8 25. c3 Ng8 26. Ra5 Ne7 27. Rxa7 Rxa7 28. Bxa7 Nc6 29. Be3 Nd8 30.
Kd2 Bf8 31. Bd4 Bc5 32. Bd5 Bxd4 33. cxd4 Kg8 34. f5 Kf8 0-1

[Event "Late-Titled-Tuesday-Blitz-October-10-2023"]
[Site "Chess.com"]
[Date "2023.10.10"]
[Round "10"]
[White "TheMagician"]
[Black "Blackwhite017"]
[Result "1-0"]
[WhiteElo "2220"]
[BlackElo "2044"]
[TimeControl "180+1"]
[EndTime "15:50:32 PDT"]
[Termination "TheMagician won on time"]

1. d4 d5 2. c4 c6 3. e3 Nf6 4. Nc3 g6 5. Bd2 Bg7 6. Nf3 Bg4 7. Qb3 Bxf3 8. gxf3 Qd7 9. h4 dxc4 10. Bxc4 O-O 11. O-O-O b5 12. Bd3 a5 13. Kb1 a4 14. Qc2 Na6 15.
Ne4 Nd5 16. Nc5 Nxc5 17. Qxc5 Rfb8 18. h5 e6 19. hxg6 hxg6 20. Rdg1 b4 21. f4 a3 22. b3 Nc3+ 23. Ka1 Bf8 24. Qc4 Nd5 25. Bxg6 fxg6 26.
Rxg6+ Bg7 27. Rhg1 Qf7 28. Rxg7+ Qxg7 29. Rxg7+ Kxg7 30. Qxc6 Rh8 31. Kb1 Rh1+ 32. Kc2 Ra7 33. Qxe6 Rc7+ 34. Kd3 Nf6 35. Qe5 Rd1 36. Ke2 1-0

[Event "Late-Titled-Tuesday-Blitz-October-10-2023"]
[Site "Chess.com"]
[Date "2023.10.10"]
[Round "10"]
[White "giomar27"]
[Black "aNaartjieZA"]
[Result "0-1"]
[WhiteElo "2305"]
[BlackElo "2552"]
[TimeControl "180+1"]
[EndTime "15:50:36 PDT"]
[Termination "aNaartjieZA won on time"]

1. Nf3 Nf6 2. g3 g6 3. Bg2 Bg7 4. O-O O-O 5. d4 d6 6. Re1 Nbd7 7. a4 e5 8. e4 Re8 9. Nc3 exd4 10. Nxd4 c6 11.
Bf4 Ne5 12. h3 a5 13. g4 Qb6 14. b3 Nfxg4 15. hxg4 Nxg4 16. Nce2 d5 17. Qd3 dxe4 18. Bxe4 f5 19. Bf3 Rxe2 20. Nxe2 Qxf2+ 21. Kh1 Qh4+ 22. Kg1 Qf2+ 23. Kh1 Bxa1 24. Bg3 Qh2+ 25. Bxh2 Nf2+ 26. Kg2 Nxd3 27. Rxa1 Nb4 28. Rd1 Be6 29. Nd4 Bf7 30. Bc7 Nd5 31. Be5 Re8 32. Re1 f4 33. Kf2 g5 34. c4 Nb4 35. Bf6 Nd3+ 0-1

[Event "Late-Titled-Tuesday-Blitz-October-10-2023"]
[Site "Chess.com"]
[Date "2023.10.10"]
[Round "10"]
[White "FMJoseHerrera"]
[Black "stasOR4ik"]
[Result "1-0"]
[WhiteElo "2744"]
[BlackElo "2466"]
[TimeControl "180+1"]
[EndTime "15:50:37 PDT"]
[Termination "FMJoseHerrera won by checkmate"]

1. Nf3 d5 2. g3 Nf6 3. Bg2 Nbd7 4. O-O e5 5. c4 e4 6. Ne1 c6 7. cxd5 cxd5 8. d3 exd3 9. Nxd3 Be7 10. Nc3 Nb6 11. Bg5 O-O 12. Nf4 Be6 13. a4 h6 14.
Bxf6 Bxf6 15. a5 Nc4 16. Ncxd5 Nxb2 17. Qb3 Rc8 18. Qxb7 Rc2 19. Qxa7 g5 20. Nxe6 fxe6 21. Be4 Rf7 22. Qb6 Rxe2 23. Bf3 Rd2 24. Ne3 Nd3 25. Qxe6 Nxf2 26. Bh5 Bxa1 27. Qxf7+ Kh8 28. Rxf2 Bd4 29. Qe6 Rxf2 30. Qxh6+ Kg8 31. Qe6+ Kh8 32. Kxf2 Qxa5 33. Qe8+ Kg7 34. Qd7+ Kh6 35. Qxd4 Kxh5 36. Qf6 Qd2+ 37. Kf3 g4+ 38. Nxg4 Qf2+ 39. Kxf2 Kxg4 40. Qf4+ Kh3 41. Qh4# 1-0

[Event "Late-Titled-Tuesday-Blitz-October-10-2023"]
[Site "Chess.com"]
[Date "2023.10.10"]
[Round "10"]
[White "djano"]
[Black "WPWPWP-2015"]
[Result "1-0"]
[WhiteElo "2670"]
[BlackElo "2528"]
[TimeControl "180+1"]
[EndTime "15:50:37 PDT"]
[Termination "djano won by resignation"]

1. e4 c5 2. Nc3 e6 3. f4 Nc6 4. Nf3 a6 5. d4 cxd4 6. Nxd4 Nxd4 7. Qxd4 Ne7 8. Be2 Nc6 9. Qf2 b5 10. O-O Qc7 11. f5 Ne5 12. Kh1 Bb7 13. fxe6 dxe6 14. Bf4 f6 15. Qg3 O-O-O 16. a4 b4 17. Nd1 Bc5 18. c3 b3 19. Bc4 Rhe8 20. Bxb3 Bxe4 21. Nf2 Bb7 22. Ng4 Bd6 23. Nxe5 fxe5 24. Bg5 Rd7 25. Qh3 h6 26. Be3 Bd5 27. c4 Qb7 28. cxd5 Qxb3 29.
Rac1+ Kb7 30. dxe6 Qxe6 31. Qh5 e4 32. Rc3 Qe5 33.
Rb3+ Ka8 34. Rf5 Qe6 35. Ra5 Bc7 36. Qxe8+ Bd8 37. Qxe6 Rd1+ 38. Bg1 Bb6 39. Qxb6 1-0

[Event "Late-Titled-Tuesday-Blitz-October-10-2023"]
[Site "Chess.com"]
[Date "2023.10.10"]
[Round "10"]
[White "tylityli"]
[Black "RIPOL"]
[Result "1/2-1/2"]
[WhiteElo "2343"]
[BlackElo "2428"]
[TimeControl "180+1"]
[EndTime "15:50:38 PDT"]
[Termination "Game drawn by repetition"]

1. d4 Nf6 2. c4 e6 3. Nc3 Bb4 4. e3 O-O 5. Ne2 c6 6. a3 Ba5 7. b4 Bc7 8. c5 d5 9. Ng3 e5 10. Be2 Re8 11. O-O Nbd7 12. b5 Nf8 13. a4 Ng6 14. Nh5 Nxh5 15. Bxh5 exd4 16. exd4 Qh4 17. g3 Qh3 18. Qf3 Bf5 19. Bxg6 fxg6 20. Be3 Rf8 21.
Qg2 Qh5 22. Rfe1 Bd3 23. f4 Qf5 24. Bf2 Rfe8 25. Rxe8+ Rxe8 26. Re1 Rxe1+ 27. Bxe1 Ba5 28. Nxd5 cxd5 29. Bxa5 Bc4 30. h3 Qd3 31. c6 Qxd4+ 32. Kh2 bxc6 33. bxc6 Qc5 34. c7 Ba6 35. Qd2 Kf7 36. Kg2 Ke6 37. Qc3 Qxc3 38. Bxc3 Kd7 39.
Be5 d4 40. Bxd4 Kxc7 41. Bxa7 Kc6 42. a5 Kd5 43. Kf3 Bf1 44. h4 h5 45. Ke3 Bh3 46.
Bd4 Bc8 47. Bxg7 Ba6 48. Bd4 Bb5 49. Bb6 Ba6 50. Kf3 Bc8 51. Bc7 Kd4 52. Bb6+ Kd5 53. Bc7 Kd4 54. Bb6+ Kd5 1/2-1/2

[Event "Late-Titled-Tuesday-Blitz-October-10-2023"]
[Site "Chess.com"]
[Date "2023.10.10"]
[Round "10"]
[White "Hrant_ChessMood"]
[Black "greekplayer1"]
[Result "1-0"]
[WhiteElo "2951"]
[BlackElo "2715"]
[TimeControl "180+1"]
[EndTime "15:50:39 PDT"]
[Termination "Hrant_ChessMood won on time"]

1. d4 Nf6 2. c4 e6 3. Bf4 Bb4+ 4. Nd2 d5 5. Nf3 O-O 6. e3 c5 7.
dxc5 Bxc5 8. Rc1 Be7 9. Bd3 Nc6 10. O-O h6 11. a3 Nh5 12. cxd5 Nxf4 13. exf4 exd5 14.
Ne5 Bf6 15. Ndf3 Be6 16. Bb1 Bxe5 17. fxe5 Rc8 18. Re1 Re8 19. h3 Qb6 20. Qd2 Ne7 21.
Nd4 Red8 22. Kh2 Rc4 23. Rcd1 Nc6 24. Nf3 Qc7 25. Bd3 Re4 26. Rc1 Rxe1 27. Qxe1 Qb6 28. Qd2 Rc8 29. b4 Qd8 30. Qe3 a6 31. Rc5 Ne7 32.
Qc1 Rxc5 33. Qxc5 Nc6 34. Bxa6 Qb8 35. g3 Nxe5 36. Nxe5 Qxe5 37. Bxb7 Qb2 38. b5 d4 39. b6 Qxf2+ 40. Bg2 Qb2 41. Qb4 1-0

[Event "Late-Titled-Tuesday-Blitz-October-10-2023"]
[Site "Chess.com"]
[Date "2023.10.10"]
[Round "10"]
[White "rychessmaster1"]
[Black "ural58"]
[Result "1-0"]
[WhiteElo "2692"]
[BlackElo "2521"]
[TimeControl "180+1"]
[EndTime "15:50:40 PDT"]
[Termination "rychessmaster1 won by checkmate"]

1. d4 d5 2. Nc3 Nf6 3. Bf4 a6 4. e3 Nbd7 5. Nf3 c5 6. dxc5 Nxc5 7. Be2 b5 8. O-O b4 9. Nb1 Bb7 10. c3 Qb6 11. Qd4 Na4 12. Qxb6 Nxb6 13. cxb4 e6 14. b5 Be7 15. Nc3 O-O 16. Rfc1 h6 17. a4 axb5 18.
Bxb5 Bb4 19. Ne5 Rfc8 20. Na2 Bd6 21. Rxc8+ Rxc8 22. a5 Nc4 23. Nxc4 Bxf4 24. exf4 dxc4 25. a6 Bd5 26. Nb4 Ba8 27. a7 Kf8 28. Bc6 Ke7 29. f3 Nd7 30. Kf2 Nc5 31. Bxa8 Rxa8 32. Ke3 Kd6 33.
Ra3 Kc7 34. Kd4 Kb6 35. Kxc4 Nd7 36. Ra6+ Kb7 37. Rd6 Nb6+ 38. Kb5 Nc8 39. Rd7# 1-0

[Event "Late-Titled-Tuesday-Blitz-October-10-2023"]
[Site "Chess.com"]
[Date "2023.10.10"]
[Round "10"]
[White "Jospem"]
[Black "Baku_Boulevard"]
[Result "1-0"]
[WhiteElo "3140"]
[BlackElo "3050"]
[TimeControl "180+1"]
[EndTime "15:50:41 PDT"]
[Termination "Jospem won by resignation"]

1. e4 c5 2. Nf3 Nc6 3. c3 Nf6 4. Bd3 g5 5. h3 d5 6. e5 c4 7. Bc2 g4 8. hxg4 Nxg4 9. d4 cxd3 10. Ba4 Qb6 11. O-O Bd7 12. Qxd3 O-O-O 13. Bf4 Rg8 14. Nbd2 Rg6 15. Rae1 Bh6 16. Bxh6 Rxh6 17. Bxc6 bxc6 18. Qd4 Rg8 19. b4 Bf5 20. b5 c5 21.
Qxd5 Kb8 22. Nc4 Qb7 23. Qxb7+ Kxb7 24. Na5+ Kb6 25. Nc6 Re8 26. Ng5 Bd3 27. a4 Bxf1 28. Rxf1 f6 29. Nf3 Nxe5 30. Nfxe5 fxe5 31. Nxe5 Rh4 32. f4 Kc7 33. g3 Rh6 34. Re1 Rd6 35. Re3 e6 36. Kg2 h5 37. Kf3 Rd1 38. Nd3 Kd6 39. Ne5 Rf1+ 40. Kg2 Ra1 41. Rd3+ Kc7 42. Rd7+ Kc8 43.
Rxa7 Rd8 44. Ra8+ Kc7 45. b6+ Kxb6 46. Rxd8 Rxa4 47. Rh8 Kb5 48. Rb8+ 1-0

[Event "Late-Titled-Tuesday-Blitz-October-10-2023"]
[Site "Chess.com"]
[Date "2023.10.10"]
[Round "10"]
[White "Horokoskii"]
[Black "FM_Kappeler"]
[Result "0-1"]
[WhiteElo "2113"]
[BlackElo "2309"]
[TimeControl "180+1"]
[EndTime "15:50:41 PDT"]
[Termination "FM_Kappeler won by resignation"]

1. c4 e6 2. Nc3 Nf6 3. e4 c5 4. Nf3 Nc6 5. d4 cxd4 6. Nxd4 Bb4 7. f3 d5 8. cxd5 exd5 9. Bb5 O-O 10. Nxc6 bxc6 11.
Bxc6 Rb8 12. Be3 Ba6 13. Kf2 Bxc3 14. bxc3 Rb2+ 15. Kg1 Re2 16. Bd4 dxe4 17. fxe4 Nh5 18. h3 Qd6 19. Bd5 Rd8 20. c4 Nf4 21. Bf2 Qg6 22.
Rh2 Bxc4 23. Bxf7+ Kxf7 24. Qxd8 Rxe4 25. Qc7+ Ke8 26. Rd1 Qf6 27. Qb8+ Kf7 28. Rd7+ Kg6 29. Rd6 Be6 30. Qb1 Qf5 31. Bg3 Ne2+ 32. Kh1 Nxg3+ 33. Kg1 Ne2+ 34. Kh1 Ng3+ 35. Kg1 Qe5 36. Rd1 Bf5 37. h4 Qc5+ 0-1

[Event "Late-Titled-Tuesday-Blitz-October-10-2023"]
[Site "Chess.com"]
[Date "2023.10.10"]
[Round "10"]
[White "shimastream"]
[Black "nihalsarin"]
[Result "0-1"]
[WhiteElo "3002"]
[BlackElo "3128"]
[TimeControl "180+1"]
[EndTime "15:50:42 PDT"]
[Termination "nihalsarin won on time"]

1. e4 c6 2. d4 d5 3. Nc3 a6 4. e5 Bf5 5. g4 Bd7 6. Be3 e6 7. Nge2 Ne7 8. Qd2 h5 9. g5 g6 10. Bh3 a5 11. a3 Na6 12. f4 Nc7 13.
Rb1 b5 14. b4 Nc8 15. Nc1 Nb6 16. Bf1 Be7 17. Bd3 Kf8 18. O-O Ne8 19. N3e2 axb4 20. axb4 Ng7 21. Nb3 Nf5 22. Bxf5 exf5 23. Ra1 Nc4 24.
Qc3 Kg7 25. Nc5 Be6 26. h4 Qb6 27. Rfb1 Rhb8 28. Nc1 Bxc5 29. bxc5 Qd8 30. Kf2 Ra4 31. Nd3 Rba8 32. Bc1 Qc7 33. Rxa4 bxa4 34. Ba3 Rb8 35.
Rxb8 Qxb8 36. Qb4 Qa7 37. Nb2 Nxa3 38. Qxa3 Qa5 39. c3 Qb5 40. Ke1 Bc8 41. c4 dxc4 42. Nd1 Qb3 43. Qc1 a3 44. Kd2 Qd3+ 45. Ke1 Qxd4 46. Qxa3 Qxf4 47. Qc3 Qxh4+ 48. Kf1 Be6 0-1

[Event "Late-Titled-Tuesday-Blitz-October-10-2023"]
[Site "Chess.com"]
[Date "2023.10.10"]
[Round "10"]
[White "NFChess13"]
[Black "dretch"]
[Result "1-0"]
[WhiteElo "2671"]
[BlackElo "2844"]
[TimeControl "180+1"]
[EndTime "15:50:43 PDT"]
[Termination "NFChess13 won on time"]

1. d4 d5 2. Nc3 e6 3. Bf4 Bb4 4.
Qd3 Nf6 5. a3 Ba5 6. b4 Bb6 7.
g4 a5 8. b5 Nxg4 9. Nf3 Qf6 10. Bg5 Qg6 11. Na4 Nd7 12. Rg1 Qxd3 13. cxd3 Ngf6 14.
Rc1 h6 15. Bf4 g5 16. Nxb6 cxb6 17. Bd6 Kd8 18. Ne5 Rh7 19. a4 Ne8 20. Ba3 f6 21.
Nf3 Rf7 22. e4 Nf8 23. h4 Bd7 24. hxg5 hxg5 25. e5 Rc8 26. Rxc8+ Bxc8 27. exf6 Rxf6 28. Ne5 Rf5 29. Bh3 Rf4 30. Rxg5 Nd7 31. Rg4 Nxe5 32. dxe5 Rf3 33. Rg3 Rf4 34. Rg4 Rf3 35. Bf1 Bd7 36.
Be2 Rf7 37. f4 Ng7 38. Rh4 Be8 39. Kd2 Kd7 40. Bb2 Nf5 41. Rh8 Rg7 42. Rh2 Bf7 43. Bf3 Rg3 44. Be2 Ke7 45. Ke1 Bg6 46. Kf2 1-0

[Event "Late-Titled-Tuesday-Blitz-October-10-2023"]
[Site "Chess.com"]
[Date "2023.10.10"]
[Round "10"]
[White "maximnovik"]
[Black "cassoulet"]
[Result "1-0"]
[WhiteElo "2512"]
[BlackElo "2747"]
[TimeControl "180+1"]
[EndTime "15:50:43 PDT"]
[Termination "maximnovik won by resignation"]

1. e4 c5 2. Nf3 Nc6 3. Bb5 Nf6 4. Bxc6 dxc6 5. d3 Bg4 6. O-O Nd7 7. Nbd2 e5 8. h3 Bh5 9. Nc4 f6 10. a4 b6 11. b3 Be7 12. Ne3 O-O 13. g4 Bf7 14. Nh4 Re8 15. Nhf5 Nf8 16. f4 exf4 17. Rxf4 Ng6 18.
Rf2 Bd6 19. Bb2 Be5 20. Bxe5 Rxe5 21. Qf3 Qc7 22. Raf1 Rae8 23. h4 Nf8 24. Nxg7 Kxg7 25. Qxf6+ Kg8 26. Qxf7+ Qxf7 27. Rxf7 R5e7 28. Rxe7 Rxe7 29.
Kg2 Ne6 30. Kg3 Rd7 31. g5 Nd4 32. Kg4 b5 33. Rf2 a5 34. h5 c4 35. dxc4 bxa4 36. bxa4 Re7 37. Kf4 c5 38. Nd5 Rf7+ 39. Nf6+ Kg7 40.
e5 Ne6+ 41. Kg4 Re7 42. h6+ Kg6 43. Nd5 Rf7 44. Rf6+ Rxf6 45. gxf6 Kxh6 46. Nf4 Nd4 47. c3 Nc6 48. Kf5 Nd8 49. e6 Nf7 50. Nd5 Nd6+ 51. Kf4 Kg6 52. e7 Kf7 53. Nc7 h5 54.
Kg5 h4 55. Kxh4 Kxf6 56. e8=Q Nxe8 57. Nxe8+ Kf5 58. Nd6+ Kf4 59. Nb7 Ke3 60. Nxc5 Kd2 61. Ne4+ Kd3 62. c5 1-0

[Event "Late-Titled-Tuesday-Blitz-October-10-2023"]
[Site "Chess.com"]
[Date "2023.10.10"]
[Round "10"]
[White "Szczor"]
[Black "Nekoo04"]
[Result "1-0"]
[WhiteElo "2591"]
[BlackElo "2263"]
[TimeControl "180+1"]
[EndTime "15:50:43 PDT"]
[Termination "Szczor won on time"]

1. b4 e5 2. Bb2 Bxb4 3. Bxe5 Nf6 4. g4 Nc6 5. Bb2 Nxg4 6. Bxg7 Rg8 7. Bc3 Nxf2 8. Kxf2 Qh4+ 9. Ke3 d5 10. Nf3 d4+ 11. Bxd4 Qe7+ 12. Kf2 Nxd4 13. Nxd4 Qh4+ 14. Ke3 Bc5 15.
c3 Bf5 16. Qa4+ c6 17. d3 Qg5+ 18. Kf2 Qf4+ 19. Ke1 O-O-O 20. Nd2 Rxd4 21. cxd4 Bxd4 22. Kd1 Re8 23. Rc1 Qf2 24. h4 Bg4 25. Ne4 Rxe4 26. dxe4 Qe3 27. Qb3 Qxe4 28. Rh3 Bxh3 29. Bxh3+ Kc7 30.
Qxf7+ Kb6 31. Qb3+ Kc7 32. Qd3 Qh1+ 33. Kc2 Qd5 34.
Be6 Qd6 35. e3 1-0

[Event "Late-Titled-Tuesday-Blitz-October-10-2023"]
[Site "Chess.com"]
[Date "2023.10.10"]
[Round "10"]
[White "DonBroca"]
[Black "Schwindle"]
[Result "0-1"]
[WhiteElo "2232"]
[BlackElo "2402"]
[TimeControl "180+1"]
[EndTime "15:50:44 PDT"]
[Termination "Schwindle won by resignation"]

1. e4 e6 2. d4 d5 3. exd5 exd5 4. Bd3 Nf6 5. Nf3 Bg4 6. O-O Be7 7. Re1 O-O 8. c3 c6 9. Nbd2 Nbd7 10. Qc2 h6 11. h3 Be6 12. Nf1 Rc8 13. Ng3 c5 14.
Nf5 cxd4 15. N3xd4 Bxf5 16. Bxf5 Bc5 17. Be3 a6 18.
Rad1 Rc7 19. Bf4 Rc8 20. Nf3 Re8 21. Ne5 Nxe5 22. Bxc8 Nf3+ 23. gxf3 Qxc8 24. Rxe8+ Qxe8 25. Qd2 Qe6 26. Kg2 Nh5 27. Bg3 Qg6 28. Kh2 Bd6 29.
Rg1 Qe6 30. Re1 Qg6 31. f4 Qf5 32. Re8+ Kh7 33. Re3 Nxf4 34. Bxf4 Bxf4+ 35. Kg2 Bxe3 36. Qxe3 Qe4+ 37. Qxe4+ dxe4 38. Kg3 g5 39. c4 Kg6 40. b4 f5 41. Kg2 Kf6 42. Kf1 Ke5 43. Ke2 Kd4 44.
c5 Kc4 45. a3 f4 46. Kd2 h5 47.
Ke2 Kb3 48. b5 axb5 49. c6 bxc6 0-1

[Event "Late-Titled-Tuesday-Blitz-October-10-2023"]
[Site "Chess.com"]
[Date "2023.10.10"]
[Round "10"]
[White "emeli_chess"]
[Black "Pomberito2"]
[Result "1-0"]
[WhiteElo "2395"]
[BlackElo "2468"]
[TimeControl "180+1"]
[EndTime "15:50:45 PDT"]
[Termination "emeli_chess won by checkmate"]

1. d4 e6 2. c4 Nf6 3. Nc3 Bb4 4.
Qc2 O-O 5. e4 d6 6. e5 dxe5 7.
dxe5 Nfd7 8. Nf3 Nc6 9. Bf4 Qe7 10. Bd3 f5 11. O-O Nc5 12. Rfd1 Bd7 13. a3 Bxc3 14. Qxc3 Nxd3 15. Rxd3 h6 16. Rad1 Be8 17. Nd4 Nxd4 18. Qxd4 a5 19. Bd2 Bc6 20. Bc3 Qf7 21. Qh4 a4 22.
Bb4 Rfe8 23. f3 Kh7 24. h3 g5 25. Qf2 Qh5 26. Kf1 Rg8 27. Ke2 g4 28. hxg4 fxg4 29. Kd2 gxf3 30. gxf3 Qh3 31. Kc1 Rg2 32. Qe3 Rag8 33.
Kb1 Qf5 34. Ka1 R2g3 35. Bd2 Qh5 36. Bc1 Rxf3 37. Qd4 Rxd3 38. Rxd3 Qf5 39. Qc3 Rg4 40. Rh3 h5 41. Qe3 Rg6 42. Rh2 Kg7 43. Rf2 Qe4 44. Qd2 Rg1 45. Qh6+ Kg8 46. Rf8# 1-0